TOP OF THE 1ST |
Rochester Red Wings batting - Pitching for Norfolk Tides : RHP George Cooper
|
Pitching: RHP George Cooper
|
|
Batting: LHB Peer Derks
|
0-0: Called Strike 0-1: Foul Ball, location: 2F 0-2: Strikes out swinging
|
Batting: SHB David Myles
|
0-0: Called Strike 0-1: Ball 1-1: Ball 2-1: Called Strike 2-2: Foul Ball, location: 2F 2-2: Strikes out swinging
|
Batting: RHB Hildo Pot
|
0-0: Ball 1-0: Fly out, F4 (Popup, 4M, EV 68.1 MPH)
|
Top of the 1st over - 0 runs, 0 hits, 0 errors, 0 left on base; Rochester 0 - Norfolk 0 |
BOTTOM OF THE 1ST |
Norfolk Tides batting - Pitching for Rochester Red Wings : RHP Isidro Aguirre
|
Pitching: RHP Isidro Aguirre
|
|
Batting: LHB Hyoji Toda
|
0-0: Ball 1-0: Ball 2-0: Called Strike 2-1: Called Strike 2-2: Ball 3-2: Base on Balls
|
Batting: LHB Gabe Pace
|
0-0: Foul Ball, location: 2F 0-1: Called Strike 0-2: Ball 1-2: Ball 2-2: SINGLE (Groundball, 6S, EV 65.6 MPH) (infield hit) Hyoji Toda to second
|
Batting: RHB Mike Hayward
|
0-0: Called Strike 0-1: Ball 1-1: Swinging Strike 1-2: Strikes out looking
|
Batting: RHB Tony Logan
|
0-0: Called Strike 0-1: Grounds into double play, 5-4-3 (Groundball, 56, EV 95.6 MPH)
|
Bottom of the 1st over - 0 runs, 1 hit, 0 errors, 1 left on base; Rochester 0 - Norfolk 0 |
TOP OF THE 2ND |
Rochester Red Wings batting - Pitching for Norfolk Tides : RHP George Cooper
|
Batting: RHB Jesse Scott
|
0-0: Ball 1-0: Ball 2-0: Called Strike 2-1: Called Strike 2-2: Ground out 5-3 (Groundball, 56, EV 83.8 MPH)
|
Batting: RHB Tony Rivera
|
0-0: Called Strike 0-1: Ball 1-1: Fly out, F7 (Flyball, 7LM, EV 81.9 MPH)
|
Batting: RHB Joe Zimmerman
|
0-0: Called Strike 0-1: Ball 1-1: Swinging Strike 1-2: Strikes out looking
|
Top of the 2nd over - 0 runs, 0 hits, 0 errors, 0 left on base; Rochester 0 - Norfolk 0 |
BOTTOM OF THE 2ND |
Norfolk Tides batting - Pitching for Rochester Red Wings : RHP Isidro Aguirre
|
Batting: LHB Tom Edwards
|
0-0: Foul Ball, location: 2F 0-1: SINGLE (Groundball, 34D, EV 93.8 MPH)
|
Batting: LHB Josh Downs
|
0-0: Ball 1-0: Swinging Strike 1-1: Ball 2-1: Fielders Choice at 2nd, 5-4 (Groundball, 56, EV 88.8 MPH)
|
Batting: SHB Brian Bentz
|
0-0: Ball 1-0: Ball 2-0: Called Strike 2-1: Foul Ball, location: 2F 2-2: Grounds into double play, 3-6-1 (Groundball, 34, EV 98.8 MPH)
|
Bottom of the 2nd over - 0 runs, 1 hit, 0 errors, 0 left on base; Rochester 0 - Norfolk 0 |
TOP OF THE 3RD |
Rochester Red Wings batting - Pitching for Norfolk Tides : RHP George Cooper
|
Batting: RHB Eric Narrow
|
0-0: Ball 1-0: SINGLE (Groundball, 6MD, EV 96.9 MPH)
|
Batting: SHB Kamiel Akkerman
|
0-0: Ball 1-0: Called Strike 1-1: Ball 2-1: Called Strike 2-2: Strikes out swinging
|
Batting: RHB Alvin Wiederhold
|
0-0: Swinging Strike 0-1: Foul Ball, location: 2F 0-2: Foul Ball, location: 2F 0-2: Ball 1-2: Strikes out swinging
|
Batting: LHB Peer Derks
|
0-0: Ball 1-0: Fielders Choice at 2nd, 6-4 (Groundball, 6, EV 85.6 MPH)
|
Top of the 3rd over - 0 runs, 1 hit, 0 errors, 1 left on base; Rochester 0 - Norfolk 0 |
BOTTOM OF THE 3RD |
Norfolk Tides batting - Pitching for Rochester Red Wings : RHP Isidro Aguirre
|
Batting: RHB Sal Espinosa
|
0-0: Ball 1-0: Called Strike 1-1: Foul Ball, location: 2F 1-2: Foul Ball, location: 2F 1-2: Strikes out swinging
|
Batting: RHB Jesus Luque
|
0-0: Ball 1-0: Ground out 4-3 (Groundball, 4, EV 92.5 MPH)
|
Batting: LHB Hyoji Toda
|
0-0: Fly out, F8 (Flyball, 89D, EV 101.9 MPH)
|
Bottom of the 3rd over - 0 runs, 0 hits, 0 errors, 0 left on base; Rochester 0 - Norfolk 0 |
TOP OF THE 4TH |
Rochester Red Wings batting - Pitching for Norfolk Tides : RHP George Cooper
|
Batting: SHB David Myles
|
0-0: Ball 1-0: Ball 2-0: Ball 3-0: Called Strike 3-1: Fly out, F9 (Flyball, 9LS, EV 84.4 MPH)
|
Batting: RHB Hildo Pot
|
0-0: Ball 1-0: Ball 2-0: Swinging Strike 2-1: Ball 3-1: Ground out 4-3 (Groundball, 4MD, EV 101.2 MPH)
|
Batting: RHB Jesse Scott
|
0-0: Ground out 6-3 (Groundball, 6, EV 88.1 MPH)
|
Top of the 4th over - 0 runs, 0 hits, 0 errors, 0 left on base; Rochester 0 - Norfolk 0 |
BOTTOM OF THE 4TH |
Norfolk Tides batting - Pitching for Rochester Red Wings : RHP Isidro Aguirre
|
Batting: LHB Gabe Pace
|
0-0: Called Strike 0-1: Ground out 4-3 (Groundball, 4M, EV 108.1 MPH)
|
Batting: RHB Mike Hayward
|
0-0: Ball 1-0: Ball 2-0: Called Strike 2-1: Ball 3-1: Base on Balls
|
Batting: RHB Tony Logan
|
0-0: Ball 1-0: Ball 2-0: Ball 3-0: Grounds into double play, 6-4-3 (Groundball, 6, EV 86.2 MPH)
|
Bottom of the 4th over - 0 runs, 0 hits, 0 errors, 0 left on base; Rochester 0 - Norfolk 0 |
TOP OF THE 5TH |
Rochester Red Wings batting - Pitching for Norfolk Tides : RHP George Cooper
|
Batting: RHB Tony Rivera
|
0-0: Called Strike 0-1: Swinging Strike 0-2: Ball 1-2: Strikes out swinging
|
Batting: RHB Joe Zimmerman
|
0-0: Called Strike 0-1: Swinging Strike 0-2: Ball 1-2: Ball 2-2: Strikes out swinging
|
Batting: RHB Eric Narrow
|
0-0: Ball 1-0: Ball 2-0: Fly out, F9 (Line Drive, 9, EV 85.0 MPH)
|
Top of the 5th over - 0 runs, 0 hits, 0 errors, 0 left on base; Rochester 0 - Norfolk 0 |
BOTTOM OF THE 5TH |
Norfolk Tides batting - Pitching for Rochester Red Wings : RHP Isidro Aguirre
|
Batting: LHB Tom Edwards
|
0-0: Foul Ball, location: 2F 0-1: Ball 1-1: Called Strike 1-2: Ball 2-2: Fly out, F7 (Flyball, 7LM, EV 78.8 MPH)
|
Batting: LHB Josh Downs
|
0-0: Foul Ball, location: 2F 0-1: Ball 1-1: Called Strike 1-2: Ball 2-2: Foul Ball, location: 2F 2-2: Ball 3-2: Fly out, F7 (Flyball, 7, EV 92.5 MPH)
|
Batting: SHB Brian Bentz
|
0-0: Foul Ball, location: 2F 0-1: Ball 1-1: Ball 2-1: Fly out, F8 (Flyball, 8LS, EV 96.2 MPH)
|
Bottom of the 5th over - 0 runs, 0 hits, 0 errors, 0 left on base; Rochester 0 - Norfolk 0 |
TOP OF THE 6TH |
Rochester Red Wings batting - Pitching for Norfolk Tides : RHP George Cooper
|
Batting: SHB Kamiel Akkerman
|
0-0: Ball 1-0: Called Strike 1-1: Ground out 4-3 (Groundball, 4, EV 101.2 MPH)
|
Batting: RHB Alvin Wiederhold
|
0-0: DOUBLE (Line Drive, 78M, EV 91.2 MPH)
|
Batting: LHB Peer Derks
|
0-0: Intentional Walk
|
Batting: SHB David Myles
|
0-0: Ball 1-0: Ball Wild Pitch! Alvin Wiederhold to third Peer Derks to second 2-0: Ball 3-0: Called Strike 3-1: Fly out, F8 (Line Drive, 8RM, EV 95.0 MPH) Runner from 3rd tags up, OUT at HOME! 8-2
|
Top of the 6th over - 0 runs, 1 hit, 0 errors, 1 left on base; Rochester 0 - Norfolk 0 |
BOTTOM OF THE 6TH |
Norfolk Tides batting - Pitching for Rochester Red Wings : RHP Isidro Aguirre
|
Batting: RHB Sal Espinosa
|
0-0: Foul Ball, location: 2F 0-1: Ball 1-1: Fly out, F3 (Line Drive, 3, EV 69.4 MPH)
|
Batting: RHB Jesus Luque
|
0-0: Ball 1-0: Called Strike 1-1: Ball 2-1: SINGLE (Line Drive, 56D, EV 98.1 MPH)
|
Batting: LHB Hyoji Toda
|
0-0: Ball Jesus Luque steals 2nd base 1-0: Called Strike 1-1: Foul Ball, location: 2F 1-2: Strikes out looking
|
Batting: LHB Gabe Pace
|
0-0: Reached on error, E6 (Groundball, 6, EV 97.5 MPH) Jesus Luque scores
|
Batting: RHB Mike Hayward
|
0-0: Called Strike 0-1: Ball 1-1: Ball 2-1: Foul Ball, location: 2F 2-2: Ground out 6-3 (Groundball, P, EV 83.8 MPH)
|
Bottom of the 6th over - 1 run, 1 hit, 1 error, 1 left on base; Rochester 0 - Norfolk 1 |
TOP OF THE 7TH |
Rochester Red Wings batting - Pitching for Norfolk Tides : RHP George Cooper
|
Batting: RHB Hildo Pot
|
0-0: Ball 1-0: DOUBLE (Flyball, 8RXD, EV 92.5 MPH)
|
Batting: RHB Jesse Scott
|
0-0: Called Strike 0-1: Fly out, F5 (Popup, 5F, EV 78.8 MPH)
|
Batting: RHB Tony Rivera
|
0-0: Ball 1-0: Ball 2-0: Ball Hildo Pot steals 3rd base (no throw) 3-0: Swinging Strike 3-1: Foul Ball, location: 2F 3-2: DOUBLE (Groundball, 3D, EV 95.6 MPH) Hildo Pot scores
|
Batting: RHB Joe Zimmerman
|
0-0: Intentional Walk
|
Batting: RHB Eric Narrow
|
0-0: Ball Tony Rivera steals 3rd base Joe Zimmerman to second 1-0: Called Strike 1-1: Swinging Strike 1-2: Ball Passed Ball! Tony Rivera scores Joe Zimmerman to third 2-2: Ground out 6-3 (Groundball, 6, EV 84.4 MPH)
|
Batting: SHB Kamiel Akkerman
|
0-0: Intentional Walk
|
Batting: RHB Alvin Wiederhold
|
0-0: Called Strike 0-1: Called Strike 0-2: Strikes out swinging
|
Top of the 7th over - 2 runs, 2 hits, 0 errors, 2 left on base; Rochester 2 - Norfolk 1 |
BOTTOM OF THE 7TH |
Norfolk Tides batting - Pitching for Rochester Red Wings : RHP Isidro Aguirre
|
Batting: RHB Tony Logan
|
0-0: Ball 1-0: Ball 2-0: Ball 3-0: SOLO HOME RUN (Flyball, 78XD, EV 105.6 MPH), Distance : 402 ft
|
Batting: LHB Tom Edwards
|
0-0: Fly out, F8 (Flyball, 8LXD, EV 108.1 MPH)
|
Batting: LHB Josh Downs
|
0-0: Called Strike 0-1: Ball 1-1: Foul Ball, location: 2F 1-2: Ball 2-2: Ball 3-2: Strikes out swinging, 2-3 out at first.
|
Batting: SHB Brian Bentz
|
0-0: Ground out 4-3 (Groundball, 4M, EV 85.0 MPH)
|
Bottom of the 7th over - 1 run, 1 hit, 0 errors, 0 left on base; Rochester 2 - Norfolk 2 |
TOP OF THE 8TH |
Rochester Red Wings batting - Pitching for Norfolk Tides : RHP George Cooper
|
Batting: LHB Peer Derks
|
0-0: Ball 1-0: Ball 2-0: Swinging Strike 2-1: Ball 3-1: Ground out 6-3 (Groundball, 6, EV 85.6 MPH)
|
Batting: SHB David Myles
|
0-0: Ball 1-0: Fly out, F7 (Flyball, 7, EV 96.9 MPH)
|
Batting: RHB Hildo Pot
|
0-0: Called Strike 0-1: Ball 1-1: Foul Ball, location: 2F 1-2: Ball 2-2: Ball 3-2: Foul Ball, location: 2F 3-2: Strikes out swinging
|
Top of the 8th over - 0 runs, 0 hits, 0 errors, 0 left on base; Rochester 2 - Norfolk 2 |
BOTTOM OF THE 8TH |
Norfolk Tides batting - Pitching for Rochester Red Wings : RHP Isidro Aguirre
|
Batting: RHB Sal Espinosa
|
0-0: Ball 1-0: Fly out, F6 (Flyball, 6D, EV 88.8 MPH)
|
Batting: RHB Jesus Luque
|
0-0: Called Strike 0-1: SINGLE (Line Drive, 4D, EV 94.4 MPH)
|
Pitching: LHP Ferrie Werkhoven
|
|
Pinch Hitting: RHB Min-u Lee
|
0-0: Ball 1-0: Foul Ball, location: 2F 1-1: Called Strike 1-2: Ball 2-2: Ball 3-2: Strikes out swinging
|
Batting: LHB Gabe Pace
|
0-0: Foul Ball, location: 2F 0-1: Ball 1-1: SINGLE (Line Drive, 8LS, EV 106.2 MPH) Jesus Luque to second
|
Batting: RHB Mike Hayward
|
0-0: Ball 1-0: Ball 2-0: Foul Ball, location: 2F 2-1: Foul Ball, location: 2F 2-2: Ball 3-2: Base on Balls Jesus Luque to third Gabe Pace to second
|
Batting: RHB Tony Logan
|
0-0: Ball 1-0: Ball 2-0: Foul Ball, location: 2F 2-1: GRAND SLAM HOME RUN (Flyball, 7D, EV 96.9 MPH), Distance : 381 ft
|
Pitching: RHP Hiromasa Kumasaka
|
|
Batting: LHB Tom Edwards
|
0-0: Ball 1-0: SOLO HOME RUN (Flyball, 9D, EV 94.4 MPH), Distance : 379 ft
|
Batting: LHB Josh Downs
|
0-0: Ball 1-0: Ball 2-0: Ball 3-0: Base on Balls
|
Batting: SHB Brian Bentz
|
0-0: Ball 1-0: Foul Ball, location: 2F 1-1: Ball 2-1: Ball 3-1: Foul Ball, location: 2F 3-2: Foul Ball, location: 2F 3-2: Base on Balls Josh Downs to second
|
Batting: RHB Sal Espinosa
|
0-0: Ball 1-0: Ball 2-0: 3-RUN HOME RUN (Flyball, 89XD, EV 95.6 MPH), Distance : 391 ft
|
Pitching: LHP Moronobu Ikeda
|
|
Batting: RHB Jesus Luque
|
0-0: Called Strike 0-1: Ball 1-1: Called Strike 1-2: Strikes out swinging
|
Bottom of the 8th over - 8 runs, 5 hits, 0 errors, 0 left on base; Rochester 2 - Norfolk 10 |
TOP OF THE 9TH |
Rochester Red Wings batting - Pitching for Norfolk Tides : RHP George Cooper
|
Now in RF: Geoffrey van der Wekken
|
|
Pinch Hitting: RHB Sifaks Warui
|
0-0: Ball 1-0: Ball 2-0: Ball 3-0: Base on Balls
|
Pitching: LHP Kyohei Koyama
|
|
Batting: RHB Tony Rivera
|
0-0: Ground out U3 (Groundball, 34S, EV 70.0 MPH) Sifaks Warui to second
|
Batting: RHB Joe Zimmerman
|
0-0: Fly out, F5 (Popup, 25F, EV 85.6 MPH)
|
Batting: RHB Eric Narrow
|
0-0: Called Strike 0-1: Ball 1-1: Ball 2-1: Ground out U3 (Groundball, 34, EV 88.8 MPH)
|
Top of the 9th over - 0 runs, 0 hits, 0 errors, 1 left on base; Rochester 2 - Norfolk 10 |
|